 Dungeon Crawl Stone Soup version 0.30-a0-748-ge6a52f7cba (webtiles) character file.

Game seed: 12717036171758321125

200 Newt the Shooter (level 6, -1/40 HPs)
             Began as a Kobold Hunter on Feb 8, 2023.
             Slain by an orc
             ... wielding a +0 short sword
              (5 damage)
             ... on level 5 of the Dungeon.
             The game lasted 00:02:23 (2342 turns).

Newt the Shooter (Kobold Hunter)                    Turns: 2342, Time: 00:02:23

Health: -1/40      AC:  4    Str:  8    XL:     6   Next: 6%
Magic:  6/6        EV: 14    Int:  9    God:
Gold:   99         SH:  0    Dex: 20    Spells: 5/5 levels left

rFire   . . .      SeeInvis .    a - +1 shortbow
rCold   . . .      Faith    .    (shield currently unavailable)
rNeg    . . .      Spirit   .    c - +1 leather armour
rPois   .          Reflect  .    (no helmet)
rElec   .          Harm     .    (no cloak)
rCorr   .          Rampage  .    (no gloves)
Will    .....                    (no boots)
Stlth   +++                      (no amulet)
HPRegen 0.26/turn                (no ring)
MPRegen 0.10/turn                (no ring)

@: no status effects
A: small, no large weapons, nightstalker 3, hooves 1, dopey 1, screaming 1, wild
magic 1, devolution 1
a: no special abilities


You were on level 5 of the Dungeon.
You visited 1 branch of the dungeon, and saw 5 of its levels.

You collected 99 gold pieces.

Inventory:

Hand Weapons
 a - a +1 shortbow (weapon)
Armour
 c - a +1 leather armour (worn)
Scrolls
 b - 2 scrolls of immolation
Potions
 d - a potion of cancellation
 e - a potion of curing
 h - a potion of degeneration {unknown}
 k - a potion of might {unknown}
 l - a potion of flight {unknown}


   Skills:
 - Level 5.0 Fighting
 + Level 7.2 Ranged Weapons
 - Level 2.4 Dodging
 - Level 1.3 Stealth


You had 5 spell levels left.
You didn't know any spells.
Your spell library contained the following spells:

 Spells                   Type           Power      Damage    Failure   Level
 Inner Flame              Hex/Fire       0%         N/A       91%         3
 Cause Fear               Hex            0%         N/A       100%        4
 Discord                  Hex            0%         N/A       100%        8


Dungeon Overview and Level Annotations

Branches:
Dungeon (6/15)
 Temple: D:4-7

Altars:

Annotations:
D:2 1 runed translucent door, Crazy Yiuf


Innate Abilities, Weirdness & Mutations

You are small and have problems with some larger weapons.
You are completely attuned to the shadows.
You have large cloven feet.
You are dopey. (Int -2)
You occasionally shout uncontrollably at your foes.
Your spells are a little harder to cast, but a little more powerful.
You have hidden genetic defects.


Message History

The orc wizard is moderately wounded.
The orc barely misses you.
The orc wizard hits you with a +0 dagger.
You shoot an arrow. The arrow hits the orc wizard!
The orc wizard is almost dead.
You hear a shout!
The orc misses you. The orc wizard barely misses you.
The orc closely misses you.
You shoot an arrow. The arrow hits the orc wizard.
You kill the orc wizard!
The orc closely misses you. x2
Your Ranged Weapons skill increases to level 7!
You have reached level 6!
You shoot an arrow. The arrow hits the orc!
The orc is severely wounded.
The orc barely misses you.
The orc hits you from afar with a +0 halberd!
An orc comes into view. It is wielding a +0 short sword.
The orc barely misses you. x2
You shoot an arrow. The arrow hits the orc.
The orc is almost dead.
The orc barely misses you.
The orc hits you from afar with a +0 halberd!
You shoot an arrow. The arrow closely misses the orc.
The orc barely misses you. x2
You shoot an arrow. The arrow hits the orc!
You kill the orc!
The orc hits you but does no damage. The orc misses you.
You shoot an arrow. The arrow completely misses the orc.
The orc hits you from afar with a +0 halberd.
The orc closely misses you.
You feel a genetic drift.
You feel the urge to shout.
You shoot an arrow. The arrow hits the orc.
The orc is almost dead.
The orc hits you from afar with a +0 halberd!
* * * LOW HITPOINT WARNING * * *
The orc hits you with a +0 short sword.
* * * LOW HITPOINT WARNING * * *
The orc hits you with a +0 short sword.
You die...

#.# #.#
#####.#### #..#
........). #..#
.......... #o.#
..###.#### #)o#
..# #.# #.@# ###
#.# #..# #####.#
. #..#### ......#
..##......
#######
#.........
####.##### #.#
##############.#
##..(...........#


You could see 2 orcs.

Vanquished Creatures
  A howler monkey (D:5)
  An orc wizard (D:5)
  Robin (D:2)
  4 adders
  A gnoll (D:1)
  3 dart slugs
  An orc (D:5)
  2 ball pythons (D:2)
  7 bats
  5 endoplasms
  A giant cockroach (D:3)
  16 goblins
  8 hobgoblins
  3 kobolds (D:1)
  2 quokkas
  4 frilled lizards (D:1)
  12 rats
72 creatures vanquished.

Vanquished Creatures (others)
  3 demonic plants (D:3)
  5 fungi (D:3)
  2 withered plants (D:3)
10 creatures vanquished.

Grand Total: 82 creatures vanquished

Notes
Turn   | Place    | Note
-------+----------+-------------------------------------------
     0 | D:1      | Newt the Kobold Hunter began the quest for the Orb.
     0 | D:1      | Reached XP level 1. HP: 12/12 MP: 1/1
   130 | D:1      | Reached XP level 2. HP: 18/18 MP: 2/2
   304 | D:1      | Reached XP level 3. HP: 23/23 MP: 3/3
   794 | D:2      | Noticed Robin
   834 | D:2      | Reached XP level 4. HP: 16/30 MP: 4/4
   909 | D:2      | Killed Robin
  1022 | D:2      | Reached skill level 5 in Fighting
  1407 | D:2      | Found a runed translucent door.
  1410 | D:2      | Noticed Crazy Yiuf
  1654 | D:2      | Reached XP level 5. HP: 31/35 MP: 5/5
  2020 | D:3      | Reached skill level 6 in Ranged Weapons
  2182 | D:3      | Found a faded altar of an unknown god.
  2185 | D:3      | You fall into a shaft and drop 3 floors!
  2254 | D:5      | Entered Level 5 of the Dungeon
  2263 | D:5      | Gained mutation: Your body sometimes deteriorates upon
                  | taking damage. [potion of mutation]
  2263 | D:5      | Gained mutation: You have a pair of small horns on your
                  | head. [potion of mutation]
  2263 | D:5      | Gained mutation: You have sharp toenails. [potion of
                  | mutation]
  2264 | D:5      | Lost mutation: Your body sometimes deteriorates upon taking
                  | damage. [potion of mutation]
  2264 | D:5      | Lost mutation: You have a pair of small horns on your head.
                  | [potion of mutation]
  2264 | D:5      | Lost mutation: You have sharp toenails. [potion of
                  | mutation]
  2264 | D:5      | Gained mutation: Your spells are a little harder to cast,
                  | but a little more powerful. [potion of mutation]
  2264 | D:5      | Gained mutation: You have hidden genetic defects. [potion
                  | of mutation]
  2264 | D:5      | Gained mutation: You are dopey. (Int -2) [potion of
                  | mutation]
  2264 | D:5      | Gained mutation: You have large cloven feet. [potion of
                  | mutation]
  2337 | D:5      | Reached skill level 7 in Ranged Weapons
  2337 | D:5      | Reached XP level 6. HP: 39/40 MP: 6/6
  2341 | D:5      | Gained mutation: You occasionally shout uncontrollably at
                  | your foes. [hidden defects]
  2342 | D:5      | Slain by an orc

Illustrated notes

Levels and vault maps discovered:
D:1:      dpeg_arrival_subterranean_lakeside_camping, layout_basic,
          minmay_rat_gold_closets
D:2:      layout_loops_corners, hangedman_decor_riveting,
          minmay_misc_feat_alley, uniq_crazy_yiuf_cottage, uniq_robin
D:3:      layout_loops_ring, shapermc_ecumenical_altar_gd
D:5:      minmay_recursive_quarters, layout_loops_ring,
          mainiacjoe_overflow_paths, slow_altar_1
D:6:      layout_loops_corners, general_overflow_altar

Skill      XL: |  1  2  3  4  5 |
---------------+----------------+-----
Fighting       | 3 4 5 |  5.0
Ranged Weapons | 7 |  7.2
Dodging        | |  2.4
Stealth        | |  1.3

Action                     |  1- 3 |  4- 6 || total
---------------------------+-------+-------++-------
   Fire: Shortbow          |    69 |    79 ||   148
    Use: Scroll            |     5 |     2 ||     7
         Potion            |       |     3 ||     3
 Armour: Leather armour    |    10 |    11 ||    21
  Dodge: Dodged            |    27 |    32 ||    59

Table legend: (Time is in decaauts)
 A = Elapsed time spent in this place.
 B = Non-inter-level travel time spent in this place.
 C = Inter-level travel time spent in this place.
 D = Time resting spent in this place.
 E = Time spent auto-exploring this place.
 F = Levels seen in this place.
 G = Mean time per level.
                   A        B        C        D        E       F      G
               +--------+--------+--------+--------+--------+-----+--------+
         Total |   2385 |   2330 |     55 |     56 |   1944 |   5 |  477.0 |
       Dungeon |   2385 |   2330 |     55 |     56 |   1944 |   5 |  477.0 |
               +--------+--------+--------+--------+--------+-----+--------+

Top non-repeatable levels by time:
     D:2: 1248 daAuts
     D:1: 799 daAuts
     D:3: 177 daAuts
     D:5: 91 daAuts
     D:6: 68 daAuts
